 Dungeon Crawl Stone Soup version bcrawl-1.41.1 (webtiles) character file.

Game seed: 10765957287690434688

113533 Grimmash the Sneak (level 4, -1/38 HPs)
             Began as a Naga Archaeologist on Apr 20, 2024.
             Slain by a worker ant (7 damage)
             ... on level 3 of the Dungeon.
             The game lasted 00:02:42 (2291 turns).

Grimmash the Sneak (Naga Archaeologist)             Turns: 2291, Time: 00:02:42

Health: -1/38      AC: 13    Str: 13    XL:     4   Next: 50%
Magic:  5/5        EV: 10    Int: 16    God:
Gold:   188        SH:  0    Dex:  9    Spells: 4/4 levels left

rFire    . . .     GDR:     22% a - +0 mace (protect)
rCold    . . .     SeeInvis +   (no shield)
rNeg     . . .     Gourm    .   t - +2 leather armour {rPois}
rPois    +         Faith    .   q - +2 hat
rElec    .         Spirit   .   (no cloak)
rCorr    .         Reflect  .   (no gloves)
MR       .....                  (no barding)
Stlth    ++........             (no amulet)
HPRegen  0.16/turn              (no ring)
MPRegen  0.09/turn              (no ring)

@: protection aura, very slow
A: large, tail, swims, see invisible, deformed body, poison resistance, slowness
2, slow metabolism 1, spit poison 1, AC +1
a: Spit Poison


You were on level 3 of the Dungeon.
You were hungry.

You visited 1 branch of the dungeon, and saw 3 of its levels.

You collected 188 gold pieces.

Inventory:

Hand Weapons
 a - a +0 mace of protection (weapon)
 b - a +0 blowgun
 v - a cursed -2 mace
Missiles
 f - 6 curare-tipped needles
Armour
 q - a +2 hat (worn)
 t - a +2 leather armour of poison resistance (worn)
Wands
 j - a wand of flame (20)
Scrolls
 c - a scroll of remove curse {unknown}
 g - 2 scrolls of revelation
 l - 2 scrolls of amnesia {unknown}
 m - 2 scrolls of teleportation {unknown}
 s - a scroll of enchant weapon {unknown}
 u - a scroll of fear {unknown}
Potions
 d - 2 potions of might {unknown}
 k - a potion of resistance {unknown}
 n - 4 potions of haste {unknown}
 p - 2 potions of heal wounds {unknown}
 r - a potion of magic {unknown}
Miscellaneous
 h - a dusty tome
Comestibles
 e - 3 rations {!d}


   Skills:
 * Level 1.3 Fighting
 * Level 2.3 Maces & Flails
 * Level 0.9 Armour
 * Level 2.9 Dodging
 + Level 5.4 Stealth
 * Level 0.9 Spellcasting


You had 4 spell levels left.
You didn't know any spells.
Your spell library was empty.

Dungeon Overview and Level Annotations

Branches:
Dungeon (3/12)

Altars:
Ashenzari
Elyvilon
Hepliaklqana
Kikubaaqudgha
Yredelemnul


Innate Abilities, Weirdness & Mutations

You cannot wear boots.
You can swim through water.
Your serpentine skin is tough. (AC +1)
You have supernaturally acute eyesight. (SInv)
Armour fits poorly on your strangely shaped body.
Your system is resistant to poisons. (rPois)
You cover ground very slowly.
You have a slow metabolism.
You can spit poison.


Message History

No path to travel!
No path to travel!
You hit the worker ant.
The worker ant is almost dead.
The worker ant bites you but does no damage.
No path to travel!
No path to travel!
You hit the worker ant but do no damage.
The worker ant is almost dead.
You feel sick.
You are no longer poisoned.
The worker ant bites you but does no damage.
The worker ant barely misses you.
No path to travel!
You hit the worker ant.
The worker ant is almost dead.
The worker ant bites you.
* * * LOW HITPOINT WARNING * * *
The worker ant bites you!
You die...

###... #. ... ...
#..##.#####.#####. ### ###
#......?...... ... ... ..#
#.#.##.####..##..# #.# #.#
#..+.+ #.#..+.+ #.# #.# #
#....# #....#.# #.# #.#
#.#+...#+##.#+.#.#+##..+##.#
#..........@a..=.........[.#
#.#+##.#+##.#'##.#+##.#'##.#
# #.#..#.#..#.# #.#..#.#
#.#..'.+..#.# +.+..#.#
#.####.####.####.# ##.####.#
#..........................#
##########################.#
#...# #.. ##.## ###


You could see a worker ant.

Vanquished Creatures
  3 oozes
  2 worms
  2 dart slugs (D:1)
  6 leopard geckos
  9 bats
  A giant cockroach (D:1)
  6 goblins
  4 hobgoblins
  8 jackals
  7 kobolds
  3 ball pythons
  A frilled lizard (D:2)
  4 rats
56 creatures vanquished.

Notes
Turn   | Place    | Note
-------+----------+-------------------------------------------
     0 | D:1      | Grimmash the Naga Archaeologist began the quest for the
                  | Orb.
     0 | D:1      | Reached XP level 1. HP: 18/18 MP: 1/1
    36 | D:1      | Reached skill level 5 in Stealth
    90 | D:1      | Reached XP level 2. HP: 18/25 MP: 2/2
   334 | D:1      | Reached XP level 3. HP: 25/31 MP: 3/3
  1242 | D:2      | Found a shattered altar of Ashenzari.
  1375 | D:2      | Found an ancient bone altar of Kikubaaqudgha.
  1390 | D:2      | Reached XP level 4. HP: 29/38 MP: 4/4
  1661 | D:3      | Found a faded altar of an unknown god.
  1851 | D:3      | Found a hazy altar of Hepliaklqana.
  1864 | D:3      | Found a basalt altar of Yredelemnul.
  1868 | D:3      | Found a white marble altar of Elyvilon.
  2291 | D:3      | Slain by a worker ant

Skill      XL: |  1  2  3 |
---------------+----------+-----
Stealth        | 5 |  5.4
Maces & Flails | 2 |  2.3
Fighting       | |  1.3
Armour         | |  0.9
Dodging        | |  2.9
Spellcasting   | |  0.9

Action                   |  1- 3 |  4- 6 || total
-------------------------+-------+-------++-------
Melee: Whip              |   146 |    24 ||   170
       Mace              |       |    79 ||    79
 Abil: Spit Poison       |       |     6 ||     6
  Use: Scroll            |     1 |     2 ||     3
 Stab: Sleeping          |     6 |     4 ||    10
  Eat: Chunk             |     5 |     5 ||    10
Armor: Robe              |     7 |       ||     7
       Leather armour    |    41 |    79 ||   120
Dodge: Dodged            |    79 |    86 ||   165
